 Dungeon Crawl Stone Soup version 0.29-a0-323-g050149a (webtiles) character file.

Game seed: 15416959880271607132

57 Nithhogg the Skirmisher (level 4, -8/40 HPs)
             Began as a Hill Orc Fighter on Apr 11, 2022.
             Mangled by a gnoll
             ... wielding a +0 spear
              (9 damage)
             ... on level 2 of the Dungeon.
             The game lasted 00:01:20 (1314 turns).

Nithhogg the Skirmisher (Hill Orc Fighter)          Turns: 1314, Time: 00:01:21

Health: -8/40      AC:  7    Str: 20    XL:     4   Next: 0%
Magic:  4/4        EV: 10    Int:  8    God:
Gold:   52         SH:  0    Dex: 10    Spells: 3/3 levels left

rFire   . . .      SeeInvis .   a - +0 war axe
rCold   . . .      Faith    .   (no shield)
rNeg    . . .      Spirit   .   b - +0 scale mail
rPois   .          Reflect  .   (no helmet)
rElec   .          Harm     .   (no cloak)
rCorr   .          Rampage  .   (no gloves)
Will    .....                   (no boots)
Stlth   ..........              (no amulet)
HPRegen 0.13/turn               (no ring)
MPRegen 0.09/turn               (no ring)

@: no status effects
A: no striking features
a: no special abilities


You were on level 2 of the Dungeon.
You visited 1 branch of the dungeon, and saw 2 of its levels.

You collected 52 gold pieces.

Inventory:

Hand Weapons
 a - a +0 war axe (weapon)
Armour
 b - a +0 scale mail (worn)
 c - a +0 buckler
Scrolls
 f - 2 scrolls of identify {unknown}
 j - a scroll of fog {unknown}
 l - a scroll of blinking {unknown}
 m - a scroll of fear {unknown}
Potions
 d - a potion of might
 e - 2 potions of flight {unknown}
 g - 2 potions of lignification {unknown}
 h - a potion of curing {unknown}
 i - a potion of cancellation {unknown}
 k - 2 potions of heal wounds {unknown}


   Skills:
 + Level 4.2 Fighting
 + Level 3.6 Axes
 + Level 3.8 Armour
 + Level 1.2 Dodging
 - Level 3.2 Shields


You had 3 spell levels left.
You didn't know any spells.
Your spell library contained the following spells:

 Spells                   Type           Power      Damage    Failure   Level
 Call Canine Familiar     Summ           0%         N/A       98%         3
 Portal Projectile        Hex/Tloc       0%         N/A       98%         3
 Tukima's Dance           Hex            0%         N/A       98%         3
 Leda's Liquefaction      Hex/Erth       0%         N/A       100%        4
 Passage of Golubria      Tloc           0%         N/A       100%        4
 Yara's Violent Unravell  Hex/Tmut       0%         3d3       100%        5


Dungeon Overview and Level Annotations

Branches:
Dungeon (2/15)

Altars:


Message History

You slash the gnoll!
The gnoll is almost dead.
The gnoll hits you but does no damage.
You slash the gnoll!
You kill the gnoll!
You closely miss the rat. The rat barely misses you.
A gnoll comes into view. It is wielding a +0 halberd.
A gnoll comes into view. It is wielding a +0 spear.
The rat bites you but does no damage.
The gnoll shouts!
You hit the rat but do no damage.
You hear a shout!
The rat bites you but does no damage.
You hit the rat.
You kill the rat!
The gnoll hits you from afar with a +0 halberd!
Found a dagger.
The gnoll hits you with a +0 halberd.
The gnoll drinks a potion.
The gnoll seems to grow stronger.
You slash the gnoll!
The gnoll is almost dead.
The gnoll barely misses you.
An endoplasm comes into view.
The gnoll hits you from afar with a +0 spear.
The gnoll barely misses you.
The gnoll throws a stone.
The stone closely misses you.
The endoplasm moves out of view.
You slash the gnoll!
You kill the gnoll!
The gnoll hits you from afar with a +0 spear.
You have reached level 4!
The gnoll closely misses you.
You closely miss the gnoll. The gnoll hits you with a +0 spear.
You hit the gnoll but do no damage. The gnoll hits you with a +0 spear!
* * * LOW HITPOINT WARNING * * *
A goblin comes into view. It is wielding a +0 club.
The gnoll hits you with a +0 spear.
* * * LOW HITPOINT WARNING * * *
You slash the gnoll!
The gnoll is almost dead.
The gnoll hits you with a +0 spear!
You die...

## # #....# ...#
.# #.#..# ...#
...# #.#..# ...#
# . #.#..# ..# .
#.##.###.###.. #
#..##........r.
.........†#######
...####..........
#........@#######
.##.##g#.g.# #
#.###.# #.# .#
... # .. ..) ...


You could see a gnoll (strong) and a goblin.

Vanquished Creatures
  3 gnolls
  5 ball pythons
  2 endoplasms
  A giant cockroach (D:1)
  A goblin (D:1)
  3 hobgoblins
  4 kobolds
  A quokka (D:1)
  3 bats (D:1)
  3 frilled lizards
  5 rats
31 creatures vanquished.

Notes
Turn   | Place    | Note
-------+----------+-------------------------------------------
     0 | D:1      | Nithhogg the Hill Orc Fighter began the quest for the Orb.
     0 | D:1      | Reached XP level 1. HP: 19/19 MP: 1/1
    33 | D:1      | Found a faded altar of an unknown god.
    47 | D:1      | Reached XP level 2. HP: 6/27 MP: 2/2
   349 | D:1      | Reached skill level 4 in Fighting
   628 | D:1      | Reached XP level 3. HP: 33/33 MP: 3/3
  1129 | D:2      | Reached skill level 1 in Dodging
  1311 | D:2      | Reached XP level 4. HP: 21/40 MP: 4/4
  1313 | D:2      | HP: 1/40 [gnoll/+0 spear (4)]
  1314 | D:2      | Mangled by a gnoll

Illustrated notes

Levels and vault maps discovered:
D:1:      saegor_arrival_simple_a, layout_rooms, basic_ecumenical_altar
D:2:      layout_rooms, minmay_misc_feat_enclosed, cheibrodos_gnoll_hut

Skill      XL: |  1  2  3 |
---------------+----------+-----
Axes           | 3 |  3.6
Fighting       | 4 |  4.2
Dodging        | 1 |  1.2
Armour         | |  3.8
Shields        | |  3.2

Action                   |  1- 3 |  4- 6 || total
-------------------------+-------+-------++-------
Melee: War axe           |    73 |     3 ||    76
       Punch             |     1 |       ||     1
Armor: Scale mail        |    37 |       ||    37
Dodge: Dodged            |    46 |     1 ||    47

Table legend: (Time is in decaauts)
 A = Elapsed time spent in this place.
 B = Non-inter-level travel time spent in this place.
 C = Inter-level travel time spent in this place.
 D = Time resting spent in this place.
 E = Time spent auto-exploring this place.
 F = Levels seen in this place.
 G = Mean time per level.
                   A        B        C        D        E       F      G
               +--------+--------+--------+--------+--------+-----+--------+
         Total |   1339 |   1308 |     31 |      0 |   1093 |   2 |  669.5 |
       Dungeon |   1339 |   1308 |     31 |      0 |   1093 |   2 |  669.5 |
               +--------+--------+--------+--------+--------+-----+--------+

Top non-repeatable levels by time:
     D:1: 1083 daAuts
     D:2: 255 daAuts
